 Dungeon Sprint DCSS version 0.27.0-1-g7a089689b8 (webtiles) character file.

Game seed: 11119253114917204794

2261 JuniperTheExplorer the Carver (level 9, -3/78 HPs)
             Began as a Human Fighter on Aug 16, 2021.
             Slain by a boulder beetle (4 damage)
             ... in the Dungeon (Sprint IX: "|||||||||||||||||||||||||||||").
             The game lasted 00:07:10 (832 turns).

JuniperTheExplorer the Carver (Human Fighter)        Turns: 832, Time: 00:07:10

Health: -3/78      AC: 11    Str: 17    XL:     9   Next: 64%
Magic:  9/9        EV: 14    Int: 11    God:
Gold:   0          SH: 11    Dex: 16    Spells: 8/8 levels left

rFire    . . .     SeeInvis .   r - +2 scimitar (holy)
rCold    . . .     Faith    .   c - +0 kite shield
rNeg     . . .     Spirit   .   o - +2 ring mail
rPois    .         Reflect  .   (no helmet)
rElec    .         Harm     .   p - +0 cloak
rCorr    .         Rampage  .   (no gloves)
Will     .....     NoTele   +   q - +0 pair of boots
Stlth    +.........             (no amulet)
HPRegen  0.23/turn              m - +3 ring of dexterity
MPRegen  0.11/turn              n - +2 ring of evasion

@: no status effects
A: no striking features
a: no special abilities


You were in the Dungeon.
You visited 1 branch

Inventory:

Hand Weapons
 r - a +2 scimitar of holy wrath (weapon)
Armour
 c - a +0 kite shield (worn)
 o - a +2 ring mail (worn)
 p - a +0 cloak (worn)
 q - a +0 pair of boots (worn)
Jewellery
 m - a +3 ring of dexterity (left hand)
 n - a +2 ring of evasion (right hand)
Wands
 l - a wand of acid (1) (quivered)
Scrolls
 k - 2 scrolls of amnesia
Potions
 d - a potion of invisibility
 e - 4 potions of curing
 g - a potion of haste
 h - 4 potions of magic
 i - a potion of berserk rage


   Skills:
 + Level 10.0 Fighting
 + Level 12.5 Long Blades
 + Level 9.0 Armour
 + Level 5.4 Dodging
 + Level 0.9 Stealth
 + Level 9.2 Shields
 + Level 3.2 Evocations


You had 8 spell levels left.
You didn't know any spells.
Your spell library was empty.

Dungeon Overview and Level Annotations

Branches:
Dungeon (1/1)

Altars:
Cheibriados
Dithmenos
Elyvilon
Fedhas
Gozag
Hepliaklqana
Kikubaaqudgha
Makhleb
Nemelex Xobeh
Okawaru
Qazlal
Ru
Sif Muna
Trog
Uskayaw
Vehumet
Wu Jian
Xom
Yredelemnul
Zin
The Shining One
Beogh
Jiyva
Lugonu


Message History

Aiming: Corrosive Bolt
Press: ? - help, Q - select action Shift-Dir - straight line, f - boulder beetle, p - wraith
Aim: a boulder beetle (moderately wounded, 100% to hit)
The bolt of acid hits the boulder beetle but does no damage.
The boulder beetle is moderately wounded.
The fire elemental completely misses you.
The boulder beetle bites you but does no damage.
You block the fire elemental's attack.
Aiming: Corrosive Bolt
Press: ? - help, Q - select action Shift-Dir - straight line, f - deep elf pyromancer, p - boulder beetle
Aim: a deep elf pyromancer, wielding a +0 dagger (severely wounded, 60% to hit)
The bolt of acid hits the fire elemental!
The fire elemental is splashed with acid.
The acid corrodes the fire elemental!
The fire elemental is severely damaged.
The bolt of acid hits the fire elemental!
The fire elemental is splashed with acid.
The fire elemental is heavily damaged.
The bolt of acid hits the fire elemental!
The fire elemental is splashed with acid.
The fire elemental is heavily damaged.
The bolt of acid hits the deep elf pyromancer!
The deep elf pyromancer is splashed with acid.
The acid corrodes the deep elf pyromancer!
You kill the deep elf pyromancer!
The fire elemental disappears in a puff of smoke! x2
You feel a bit more experienced. The boulder beetle closely misses you.
Your Fighting skill increases to level 10!
Your Long Blades skill increases to level 12!
Your Armour skill increases to level 9!
Your Dodging skill increases to level 5!
Your Evocations skill increases to level 3!
The boulder beetle curls into a ball and begins rolling!
You feel better.
The centaur warrior wields a +0 shortbow.
The centaur warrior shoots an arrow.
The arrow hits you!
* * * LOW HITPOINT WARNING * * *
The boulder beetle hits you.
You die... ▓▓▓▓▓▓▓▓▓▓▓▓▓▓▓▓▓▓▓▓▓▓▓▓▓▓ __+).[......'.○B@§c)D..... ▓▓▓▓▓▓▓▓▓▓▓▓▓▓▓▓▓▓▓▓▓▓▓▓▓▓

You could see a boulder beetle (rolling), a seven-headed hydra and a centaur warrior.

Vanquished Creatures
  A two-headed ogre (D)
  2 deep elf pyromancers (D)
  An unseen horror (D)
  A wraith (D)
  A vampire mosquito (D)
  An ice beast (D)
  A phantom (D)
  2 howler monkeys (D)
  An adder skeleton (D)
  2 orcs (D)
  A bat zombie (D)
  An endoplasm (D)
  A goblin (D)
  A hobgoblin (D)
  A kobold (D)
  A quokka (D)
19 creatures vanquished.

Notes
Turn   | Place    | Note
-------+----------+-------------------------------------------
     0 | D        | JuniperTheExplorer the Human Fighter began the quest for
                  | the Orb.
     0 | D        | Reached XP level 1. HP: 18/18 MP: 1/1
    13 | D        | Reached skill level 1 in Dodging
    16 | D        | Reached XP level 2. HP: 17/24 MP: 2/2
    98 | D        | Noticed an ice beast
    98 | D        | Noticed a phantom
   102 | D        | Killed an ice beast
   103 | D        | Reached skill level 5 in Fighting
   103 | D        | Reached skill level 4 in Long Blades
   103 | D        | Reached skill level 5 in Armour
   103 | D        | Reached skill level 5 in Shields
   103 | D        | Reached XP level 3. HP: 25/33 MP: 3/3
   103 | D        | Reached XP level 4. HP: 30/39 MP: 4/4
   103 | D        | Reached XP level 5. HP: 34/44 MP: 5/5
   107 | D        | Killed a phantom
   108 | D        | Reached skill level 5 in Long Blades
   232 | D        | Found a snail-covered altar of Cheibriados.
   232 | D        | Found a shadowy altar of Dithmenos.
   232 | D        | Found a white marble altar of Elyvilon.
   232 | D        | Found a blossoming altar of Fedhas.
   232 | D        | Found an opulent altar of Gozag.
   233 | D        | Found a hazy altar of Hepliaklqana.
   234 | D        | Found a viscous altar of Jiyva.
   235 | D        | Found an ancient bone altar of Kikubaaqudgha.
   236 | D        | Found a corrupted altar of Lugonu.
   237 | D        | Found a burning altar of Makhleb.
   238 | D        | Found a sparkling altar of Nemelex Xobeh.
   239 | D        | Found an iron altar of Okawaru.
   240 | D        | Found a stormy altar of Qazlal.
   241 | D        | Found a sacrificial altar of Ru.
   242 | D        | Found a shimmering blue altar of Sif Muna.
   243 | D        | Found a bloodstained altar of Trog.
   244 | D        | Found a hide-covered altar of Uskayaw.
   245 | D        | Found a radiant altar of Vehumet.
   246 | D        | Found an ornate altar of the Wu Jian Council.
   247 | D        | Found a shimmering altar of Xom.
   248 | D        | Found a basalt altar of Yredelemnul.
   249 | D        | Found a glowing silver altar of Zin.
   250 | D        | Found a glowing golden altar of the Shining One.
   315 | D        | Noticed a two-headed ogre
   315 | D        | Noticed a vampire mosquito
   319 | D        | Reached skill level 6 in Long Blades
   319 | D        | Reached XP level 6. HP: 53/53 MP: 6/6
   338 | D        | Killed an unseen horror
   339 | D        | Reached skill level 8 in Long Blades
   339 | D        | Reached XP level 7. HP: 4/61 MP: 7/7
   343 | D        | Killed a two-headed ogre
   343 | D        | Killed a vampire mosquito
   344 | D        | Reached skill level 11 in Long Blades
   344 | D        | Reached XP level 8. HP: 6/71 MP: 8/8
   799 | D        | Noticed a deep elf pyromancer
   799 | D        | Noticed a deep elf pyromancer
   799 | D        | Noticed a boulder beetle
   799 | D        | Noticed a wraith
   799 | D        | Noticed a centaur warrior
   799 | D        | Noticed a seven-headed hydra
   800 | D        | Noticed a fire elemental
   801 | D        | Noticed a fire elemental
   803 | D        | Killed a deep elf pyromancer
   804 | D        | Reached XP level 9. HP: 77/77 MP: 9/9
   828 | D        | HP: 3/77 [boulder beetle (20)]
   830 | D        | Killed a deep elf pyromancer
   831 | D        | Reached skill level 10 in Fighting
   831 | D        | Reached skill level 12 in Long Blades
   831 | D        | Reached skill level 5 in Dodging
   832 | D        | HP: 1/78 [centaur warrior/arrow (14)]
   832 | D        | Slain by a boulder beetle

Illustrated notes

Levels and vault maps discovered:
D:        linesprint [early_d, line_temple, items_1, d_10, items_2, lair_1,
          lair_end, items_3, orc_1, orc_end, items_4, d_15, swamp_1, shoals_1,
          snake_1, spider_1, d_20, vaults_1, items_5, swamp_end, shoals_end,
          snake_end, spider_end, vaults_end, d_27, items_6, zot_1, zot_end,
          crypt_end, forest_end, elf_end, slime_end, tomb_end, abyss_end,
          pan_hell_end]

Skill      XL: |  1  2  3  4  5  6  7  8  9 |
---------------+----------------------------+-----
Dodging        | 1 3 4 5 |  5.4
Fighting       | 5 6 7 9 10 | 10.0
Long Blades    | 4 6 8 11 12 | 12.5
Armour         | 5 6 7 8 9 |  9.0
Shields        | 5 6 7 8 9 |  9.2
Evocations     | 2 3 |  3.2
Stealth        | |  0.9

Action                   |  1- 3 |  4- 6 |  7- 9 || total
-------------------------+-------+-------+-------++-------
Melee: Long sword        |    13 |    11 |       ||    24
       Scimitar          |       |    16 |    18 ||    34
Evoke: Wand              |       |     2 |     7 ||     9
  Use: Potion            |     1 |     1 |     3 ||     5
       Scroll            |       |     1 |     1 ||     2
Armor: Scale mail        |     3 |     2 |       ||     5
       Ring mail         |       |    13 |     5 ||    18
Dodge: Dodged            |     4 |     5 |     9 ||    18
Block: Kite shield       |     6 |    11 |    13 ||    30
       Rpst.: Long sword |     1 |       |       ||     1
       Scimitar          |       |       |     2 ||     2
